SNL (28 & UNDER)
KEY WEST BARRACUDAS @ SALEM SILVER SOULS
07/30/2030
 
TOP OF THE 1ST
Key West Barracudas batting - Pitching for Salem Silver Souls : LHP Al McGuire
Pitching: LHP Al McGuire
Batting: RHB Ramiro Javier 0-0: Ball
1-0: Ball
2-0: Called Strike
2-1: Ball
3-1: Base on Balls
Batting: LHB Mauro Díaz 0-0: Ball
Ramiro Javier steals 2nd base
1-0: SINGLE (Groundball, 25) (infield hit)
Ramiro Javier to third
Batting: RHB Rob DeWitt 0-0: DOUBLE (Line Drive, 78XD)
Ramiro Javier scores
Mauro Díaz to third
Runner from 3rd tries for Home, SAFE, no throw
Batting: RHB Cris Lugo 0-0: Reached on error, E8 (Flyball, 8LM)
Rob DeWitt to third
Batting: SHB Brock Owens 0-0: Ball
Wild Pitch!
Rob DeWitt scores
Cris Lugo to second
1-0: Ball
2-0: Ball
3-0: Hit by Pitch
Batting: LHB Howard White 0-0: Ball
1-0: Ball
2-0: Ball
3-0: Base on Balls
Cris Lugo to third
Brock Owens to second
Batting: RHB Anastasio Zartuche 0-0: Ball
1-0: SINGLE (Line Drive, 7S)
Cris Lugo scores
Brock Owens to third
Howard White to second
Batting: SHB Eric Pimentel 0-0: Called Strike
0-1: Fly out, F9 (Flyball, 89D)
Runner from 3rd tags up, OUT at HOME
Howard White to third
Anastasio Zartuche to second
Batting: LHB Juan Lima 0-0: Foul Ball, location: 2F
0-1: Swinging Strike
0-2: Ball
1-2: Foul Ball, location: 2F
1-2: Foul Ball, location: 2F
1-2: Ball
Wild Pitch!
Howard White scores
Anastasio Zartuche to third
2-2: Foul Ball, location: 2F
2-2: Ground out 4-3 (Groundball, 4)
Top of the 1st over - 5 runs, 3 hits, 1 error, 1 left on base; Key West 5 - Salem 0
BOTTOM OF THE 1ST
Salem Silver Souls batting - Pitching for Key West Barracudas : RHP Dale Polk
Pitching: RHP Dale Polk
Batting: RHB Pedro Rivera 0-0: Ball
1-0: SINGLE (Groundball, 56D)
Batting: RHB Júlio Rodríguez 0-0: Ball
1-0: Fly out, F8 (Flyball, 8LD)
Batting: SHB Felipe Castro 0-0: Ball
1-0: Ball
2-0: Foul Ball, location: 2F
2-1: SINGLE (Groundball, 34D)
Pedro Rivera to second
Runner from 2nd tries for 3rd, SAFE, throw made to third
Batting: LHB Jeff Forsyth 0-0: Called Strike
0-1: Fly out, F7 (Flyball, 7D)
Runner from 3rd tags up, SCORES, no throw
Batting: LHB Hamilton Hughes 0-0: Ball
1-0: Ball
2-0: Ball
3-0: Base on Balls
Felipe Castro to second
Batting: LHB Nick Scott 0-0: Foul Ball, location: 2F
0-1: SINGLE (Groundball, 34D)
Felipe Castro to third
Hamilton Hughes to second
Runner from 3rd tries for Home, SAFE, no throw
Batting: RHB Armando García 0-0: Ball
1-0: Called Strike
1-1: Foul Ball, location: 2F
1-2: Strikes out swinging
Bottom of the 1st over - 2 runs, 3 hits, 0 errors, 2 left on base; Key West 5 - Salem 2
TOP OF THE 2ND
Key West Barracudas batting - Pitching for Salem Silver Souls : LHP Al McGuire
Batting: RHB Ramiro Javier 0-0: Foul Ball, location: 2F
0-1: Called Strike
0-2: Foul Ball, location: 2F
0-2: Ball
1-2: Ball
2-2: Strikes out swinging
Batting: LHB Mauro Díaz 0-0: Swinging Strike
0-1: DOUBLE (Line Drive, 78D)
Batting: RHB Rob DeWitt 0-0: Ball
1-0: Foul Ball, location: 2F
1-1: Foul Ball, location: 2F
1-2: Foul Ball, location: 2F
1-2: Ground out 6-3 (Groundball, 6)
Batting: RHB Cris Lugo 0-0: Ball
1-0: Called Strike
1-1: Ball
2-1: Called Strike
2-2: Ground out 5-3 (Groundball, 5)
Top of the 2nd over - 0 runs, 1 hit, 0 errors, 1 left on base; Key West 5 - Salem 2
BOTTOM OF THE 2ND
Salem Silver Souls batting - Pitching for Key West Barracudas : RHP Dale Polk
Batting: RHB Chris Hall 0-0: Ball
1-0: Foul Ball, location: 2F
1-1: Called Strike
1-2: Ball
2-2: Ball
3-2: Base on Balls
Batting: RHB Joe Brinkman 0-0: Ball
1-0: Foul Ball, location: 2F
1-1: Fly out, F4 (Popup, 4)
Batting: RHB Pedro Rivera 0-0: Ball
1-0: Called Strike
Chris Hall steals 2nd base
1-1: Ball
2-1: Called Strike
Chris Hall steals 3rd base
2-2: Foul Ball, location: 2F
2-2: Ground out 5-3 (Groundball, 5)
Batting: RHB Júlio Rodríguez 0-0: Ball
1-0: Hit by Pitch
Pinch Runner at 1st Felipe Rivera:
Batting: SHB Felipe Castro 0-0: Fly out, F5 (Line Drive, 5S)
Bottom of the 2nd over - 0 runs, 0 hits, 0 errors, 2 left on base; Key West 5 - Salem 2
TOP OF THE 3RD
Key West Barracudas batting - Pitching for Salem Silver Souls : LHP Al McGuire
Now in RF: Felipe Rivera
Batting: SHB Brock Owens 0-0: Ball
1-0: Fly out, F8 (Flyball, 89M)
Batting: LHB Howard White 0-0: Swinging Strike
0-1: Called Strike
0-2: Ball
1-2: Ball
2-2: Strikes out swinging
Batting: RHB Anastasio Zartuche 0-0: Called Strike
0-1: Ball
1-1: Ball
2-1: Foul Ball, location: 2F
2-2: SINGLE (Line Drive, 6MD)
Batting: SHB Eric Pimentel 0-0: Called Strike
0-1: Ball
1-1: SINGLE (Line Drive, 89S)
Anastasio Zartuche to second
Runner from 2nd tries for 3rd, OUT!
Top of the 3rd over - 0 runs, 2 hits, 0 errors, 1 left on base; Key West 5 - Salem 2
BOTTOM OF THE 3RD
Salem Silver Souls batting - Pitching for Key West Barracudas : RHP Dale Polk
Batting: LHB Jeff Forsyth 0-0: Fly out, F7 (Flyball, 7LD)
Batting: LHB Hamilton Hughes 0-0: Ball
1-0: Called Strike
1-1: Called Strike
1-2: Foul Ball, location: 2F
1-2: Strikes out swinging
Batting: LHB Nick Scott 0-0: Ball
1-0: SINGLE (Flyball, 8LS)
Batting: RHB Armando García 0-0: Ball
1-0: Called Strike
1-1: Ball
Nick Scott is caught stealing 2nd base
Bottom of the 3rd over - 0 runs, 1 hit, 0 errors, 0 left on base; Key West 5 - Salem 2
TOP OF THE 4TH
Key West Barracudas batting - Pitching for Salem Silver Souls : LHP Al McGuire
Batting: LHB Juan Lima 0-0: Called Strike
0-1: Swinging Strike
0-2: Strikes out swinging
Batting: RHB Ramiro Javier 0-0: Ground out 4-3 (Groundball, 4)
Batting: LHB Mauro Díaz 0-0: SINGLE (Line Drive, 89S)
Batting: RHB Rob DeWitt 0-0: Ball
1-0: Foul Ball, location: 2F
1-1: Swinging Strike
1-2: Ball
2-2: Ball
3-2: Foul Ball, location: 2F
3-2: Base on Balls
Mauro Díaz to second
Batting: RHB Cris Lugo 0-0: Foul Ball, location: 2F
0-1: Ball
1-1: Foul Ball, location: 2F
1-2: DOUBLE (Groundball, 5L)
Mauro Díaz scores
Rob DeWitt to third
Runner from 3rd tries for Home, SAFE, no throw
Batting: SHB Brock Owens 0-0: Ball
1-0: Swinging Strike
1-1: Foul Ball, location: 2F
1-2: Ball
2-2: Strikes out swinging
Top of the 4th over - 2 runs, 2 hits, 0 errors, 1 left on base; Key West 7 - Salem 2
BOTTOM OF THE 4TH
Salem Silver Souls batting - Pitching for Key West Barracudas : RHP Dale Polk
Batting: RHB Armando García 0-0: Foul Ball, location: 2F
0-1: Ball
1-1: Ball
2-1: Foul Ball, location: 2F
2-2: Ground out 6-3 (Groundball, 6)
Batting: RHB Chris Hall 0-0: Ball
1-0: Ball
2-0: Called Strike
2-1: Foul Ball, location: 2F
2-2: Ball
3-2: Base on Balls
Pitching: RHP Mathew Wilcox
Batting: RHB Joe Brinkman 0-0: Ball
1-0: Called Strike
1-1: Fly out, F7 (Flyball, 7S)
Batting: RHB Pedro Rivera 0-0: Called Strike
Chris Hall steals 2nd base
0-1: Fly out, F4 (Popup, 4S)
Bottom of the 4th over - 0 runs, 0 hits, 0 errors, 1 left on base; Key West 7 - Salem 2
TOP OF THE 5TH
Key West Barracudas batting - Pitching for Salem Silver Souls : LHP Al McGuire
Batting: LHB Howard White 0-0: Ball
1-0: Ball
2-0: Ball
3-0: Base on Balls
Batting: RHB Anastasio Zartuche 0-0: Called Strike
0-1: Foul Ball, location: 2F
0-2: Foul Ball, location: 2F
0-2: Strikes out swinging
Batting: SHB Eric Pimentel 0-0: 2-RUN HOME RUN (Flyball, 7LD), Distance : 454 ft
Batting: LHB Juan Lima 0-0: Ball
1-0: Called Strike
1-1: Ball
2-1: Fly out, F9 (Flyball, 9)
Batting: RHB Ramiro Javier 0-0: Called Strike
0-1: Ball
1-1: Foul Ball, location: 2F
1-2: Strikes out swinging
Top of the 5th over - 2 runs, 1 hit, 0 errors, 0 left on base; Key West 9 - Salem 2
BOTTOM OF THE 5TH
Salem Silver Souls batting - Pitching for Key West Barracudas : RHP Mathew Wilcox
Batting: LHB Felipe Rivera 0-0: Foul Ball, location: 2F
0-1: Foul Ball, location: 2F
0-2: Ball
1-2: Ball
2-2: Foul Ball, location: 2F
2-2: Ground out 4-3 (Groundball, 4M)
Batting: SHB Felipe Castro 0-0: Ball
1-0: Called Strike
1-1: Fly out, F7 (Flyball, 78S)
Batting: LHB Jeff Forsyth 0-0: Ball
1-0: Ball
2-0: Foul Ball, location: 2F
2-1: Ball
3-1: Base on Balls
Batting: LHB Hamilton Hughes 0-0: Ball
1-0: Swinging Strike
1-1: Fielders Choice at 2nd, 5-4 (Groundball, 5)
Bottom of the 5th over - 0 runs, 0 hits, 0 errors, 1 left on base; Key West 9 - Salem 2
TOP OF THE 6TH
Key West Barracudas batting - Pitching for Salem Silver Souls : LHP Al McGuire
Batting: LHB Mauro Díaz 0-0: Called Strike
0-1: Foul Ball, location: 2F
0-2: Ball
1-2: Ball
2-2: Ball
3-2: SOLO HOME RUN (Line Drive, 9LD), Distance : 372 ft
Batting: RHB Rob DeWitt 0-0: Called Strike
0-1: Ball
1-1: Swinging Strike
1-2: SINGLE (Groundball, 56) (infield hit)
Pitching: LHP Reynaldo Vázquez
Batting: RHB Cris Lugo 0-0: Called Strike
0-1: Ball
1-1: Ball
2-1: Fielders Choice at 2nd, 6-4 (Groundball, 6)
Batting: SHB Brock Owens 0-0: Foul Ball, location: 2F
0-1: Ball
Cris Lugo is caught stealing 2nd base
1-1: Ball
2-1: Ground out 5-3 (Groundball, 56)
Top of the 6th over - 1 run, 2 hits, 0 errors, 0 left on base; Key West 10 - Salem 2
BOTTOM OF THE 6TH
Salem Silver Souls batting - Pitching for Key West Barracudas : RHP Mathew Wilcox
Batting: LHB Nick Scott 0-0: Called Strike
0-1: Called Strike
0-2: Foul Ball, location: 2F
0-2: Foul Ball, location: 2F
0-2: Ball
1-2: SINGLE (Groundball, 4MD)
Batting: RHB Armando García 0-0: Ball
1-0: Called Strike
1-1: Foul Ball, location: 2F
1-2: Ball
2-2: Ball
3-2: Base on Balls
Nick Scott to second
Batting: RHB Chris Hall 0-0: Called Strike
0-1: Ground out 5-3 (Groundball, 56S)
Nick Scott to third
Armando García to second
Batting: RHB Joe Brinkman 0-0: Ground out 1-3 (Groundball, 15S)
Batting: RHB Pedro Rivera 0-0: Foul Ball, location: 2F
0-1: Called Strike
0-2: Strikes out looking
Bottom of the 6th over - 0 runs, 1 hit, 0 errors, 2 left on base; Key West 10 - Salem 2
TOP OF THE 7TH
Key West Barracudas batting - Pitching for Salem Silver Souls : LHP Reynaldo Vázquez
Batting: LHB Howard White 0-0: Called Strike
0-1: Ball
1-1: Ball
2-1: Called Strike
2-2: Ball
3-2: Base on Balls
Batting: RHB Anastasio Zartuche 0-0: Ball
1-0: Ball
2-0: Ball
3-0: Base on Balls
Howard White to second
Batting: SHB Eric Pimentel 0-0: Swinging Strike
0-1: Swinging Strike
0-2: Ball
1-2: Strikes out swinging
Batting: LHB Juan Lima 0-0: Called Strike
0-1: Ground out 4-3 (Groundball, 4S)
Howard White to third
Anastasio Zartuche to second
Batting: RHB Ramiro Javier 0-0: Called Strike
0-1: Foul Ball, location: 2F
0-2: Strikes out swinging
Top of the 7th over - 0 runs, 0 hits, 0 errors, 2 left on base; Key West 10 - Salem 2
BOTTOM OF THE 7TH
Salem Silver Souls batting - Pitching for Key West Barracudas : RHP Mathew Wilcox
Batting: LHB Felipe Rivera 0-0: Called Strike
0-1: SINGLE (Groundball, 34D)
Batting: SHB Felipe Castro 0-0: Called Strike
0-1: Ball
1-1: Swinging Strike
1-2: Ball
2-2: Ball
3-2: Base on Balls
Felipe Rivera to second
Batting: LHB Jeff Forsyth 0-0: Ball
1-0: Fly out, F9 (Flyball, 9)
Batting: LHB Hamilton Hughes 0-0: Ball
1-0: Ball
2-0: Ball
3-0: Grounds into double play, 4-6-3 (Groundball, 4)
Bottom of the 7th over - 0 runs, 1 hit, 0 errors, 1 left on base; Key West 10 - Salem 2
TOP OF THE 8TH
Key West Barracudas batting - Pitching for Salem Silver Souls : LHP Reynaldo Vázquez
Batting: LHB Mauro Díaz 0-0: Ball
1-0: Called Strike
1-1: Foul Ball, location: 2F
1-2: Fly out, F9 (Flyball, 9S)
Batting: RHB Rob DeWitt 0-0: Ball
1-0: Ball
2-0: Fly out, F5 (Line Drive, 5S)
Batting: RHB Cris Lugo 0-0: Ball
1-0: Swinging Strike
1-1: Ball
2-1: Ball
3-1: Called Strike
3-2: SINGLE (Line Drive, 6M)
Batting: SHB Brock Owens 0-0: Foul Ball, location: 2F
0-1: Swinging Strike
0-2: Ball
Cris Lugo steals 2nd base
1-2: Ball
2-2: Ball
3-2: Base on Balls
Batting: LHB Howard White 0-0: Swinging Strike
0-1: Ball
1-1: Called Strike
1-2: Ball
2-2: Ball
3-2: SINGLE (Groundball, 4MD)
Cris Lugo to third
Brock Owens to second
Cris Lugo scores
Brock Owens to third
Batting: RHB Anastasio Zartuche 0-0: Ball
1-0: Ball
2-0: Called Strike
2-1: Ball
3-1: Fly out, F8 (Flyball, 78D)
Top of the 8th over - 1 run, 2 hits, 0 errors, 2 left on base; Key West 11 - Salem 2
BOTTOM OF THE 8TH
Salem Silver Souls batting - Pitching for Key West Barracudas : RHP Mathew Wilcox
Pitching: RHP Bo Wagner
Batting: LHB Nick Scott 0-0: Called Strike
0-1: Foul Ball, location: 2F
0-2: Ball
1-2: Fly out, F1 (Line Drive, 13)
Batting: RHB Armando García 0-0: Ball
1-0: Ball
2-0: Swinging Strike
2-1: Foul Ball, location: 2F
2-2: Ball
3-2: Fly out, F9 (Flyball, 9)
Batting: RHB Chris Hall 0-0: Ground out 1-3 (Groundball, 13S)
Bottom of the 8th over - 0 runs, 0 hits, 0 errors, 0 left on base; Key West 11 - Salem 2
TOP OF THE 9TH
Key West Barracudas batting - Pitching for Salem Silver Souls : LHP Reynaldo Vázquez
Batting: SHB Eric Pimentel 0-0: Swinging Strike
0-1: Ball
1-1: Ball
2-1: Fly out, F8 (Flyball, 78XD)
Pitching: RHP Roberto Carbaja
Batting: LHB Juan Lima 0-0: Swinging Strike
0-1: Ball
1-1: SINGLE (Groundball, 6MD)
Batting: RHB Ramiro Javier 0-0: Ball
1-0: Foul Ball, location: 2F
1-1: Foul Ball, location: 2F
1-2: Grounds into double play, 5-4-3 (Groundball, 56)
Top of the 9th over - 0 runs, 1 hit, 0 errors, 0 left on base; Key West 11 - Salem 2
BOTTOM OF THE 9TH
Salem Silver Souls batting - Pitching for Key West Barracudas : RHP Bo Wagner
Batting: RHB Joe Brinkman 0-0: Ball
1-0: Swinging Strike
1-1: Called Strike
1-2: Ball
2-2: Fly out, F7 (Flyball, 7LM)
Batting: RHB Pedro Rivera 0-0: Ball
1-0: Ball
2-0: Swinging Strike
2-1: Ball
3-1: Base on Balls
Batting: LHB Felipe Rivera 0-0: Fly out, F4 (Flyball, 4D)
Batting: SHB Felipe Castro 0-0: Called Strike
0-1: Ball
1-1: Foul Ball, location: 2F
1-2: SINGLE (Line Drive, 34)
Pedro Rivera to second
Batting: LHB Jeff Forsyth 0-0: Called Strike
0-1: Ball
1-1: Swinging Strike
1-2: Ball
2-2: Ball
3-2: Foul Ball, location: 2F
3-2: Base on Balls
Pedro Rivera to third
Felipe Castro to second
Batting: LHB Hamilton Hughes 0-0: Foul Ball, location: 2F
0-1: Foul Ball, location: 2F
0-2: Ball
1-2: Strikes out looking
Bottom of the 9th over - 0 runs, 1 hit, 0 errors, 3 left on base; Key West 11 - Salem 2
Saturday, April 7th, 2018 - OOTP Baseball 18.8 Build 76